 Dungeon Crawl Stone Soup version 0.31.0-12-g77e489cdc1 (webtiles) character file.

Game seed: 15157564088394252645

1189 H0rd4k the Martial Artist (level 8, -1/52 HPs)
             Began as an Octopode Artificer on Mar 7, 2024.
             Slain by an orc
             ... wielding a +2 dagger of venom
              (3 damage)
             ... on level 6 of the Dungeon.
             The game lasted 00:05:45 (3391 turns).

H0rd4k the Martial Artist (Octopode Artificer)      Turns: 3391, Time: 00:05:46

Health: -1/52      AC:  1    Str: 11    XL:     8   Next: 43%
Magic:  8/8        EV: 13    Int: 15    God:
Gold:   284        SH:  0    Dex: 13    Spells: 7/7 levels left

rFire   . . .        j - +2 dagger (venom)
rCold   . . .        (no shield)
rNeg    . . .        (helmet currently unavailable)
rPois   .            (no amulet)
rElec   .            (no ring)
rCorr   .            (no ring)
SInv    .            (no ring)
Will    .....        (no ring)
Stlth   +++          (no ring)
HPRegen 0.28/turn    (no ring)
MPRegen 0.11/turn    (no ring)
                     (no ring)

%: no passive effects
@: lethally poisoned (-1 -> -9), beast-form
A: beast (slay +1), almost no armour, amphibious, 8 rings, camouflage 1,
gelatinous body 1, (nimble swimmer 1), tentacles
a: Begin Untransformation


You were on level 6 of the Dungeon.
You were a hulking beast.
You visited 2 branches of the dungeon, and saw 6 of its levels.
You also visited: Sewer.

You collected 284 gold pieces.

Inventory:

Hand Weapons
 j - a +2 dagger of venom (weapon)
Missiles
 r - 2 curare-tipped darts
 s - 13 poisoned darts
Talismans
 q - a beast talisman (active)
Wands
 b - a wand of flame (20) (quivered)
 c - a wand of charming (9)
Scrolls
 d - a scroll of blinking {unknown}
 e - 4 scrolls of teleportation
 g - a scroll of poison
 o - a scroll of fog
 p - 2 scrolls of vulnerability
 u - a scroll of acquirement {unknown}
 v - a scroll of amnesia {unknown}
Potions
 a - a potion of cancellation {unknown}
 f - 3 potions of degeneration {unknown}
 h - 2 potions of enlightenment {unknown}
 i - a potion of lignification {unknown}
 k - 3 potions of heal wounds {unknown}
 l - a potion of berserk rage {unknown}
 m - 3 potions of invisibility {unknown}
 n - 3 potions of might {unknown}
 t - a potion of curing {unknown}


   Skills:
 + Level 3.4 Fighting
 + Level 0.1 Short Blades
 - Level 2.3 Dodging
 - Level 1.3 Stealth
 + Level 8.3 Unarmed Combat
 - Level 3.2 Evocations
 * Level 3.0 Shapeshifting


You had 7 spell levels left.
You didn't know any spells.
Your spell library contained the following spells:

 Spells                   Type           Power      Damage    Failure   Level
 Cigotuvi's Dreadful Rot  Necr/Alch/Air  0%         N/A       38%         2
 Ignite Poison            Fire/Alch      0%         N/A       95%         4
 Freezing Cloud           Conj/Ice/Air   0%         6-21      100%        5


Dungeon Overview and Level Annotations

Branches:
Dungeon (6/15)             Temple (1/1) D:5           Sewer (visited)

Altars:
Cheibriados
Dithmenos
Elyvilon
Kikubaaqudgha
Nemelex Xobeh
Okawaru
Ru
Sif Muna
Uskayaw
Wu Jian
The Shining One

Shops:
D:5 [

Annotations:
D:3 1 runed translucent door, exclusion: door, lasso's ghost, amateur DsMo
D:5 3 runed translucent doors, ratatoskos's ghost, amateur DrWn


Innate Abilities, Weirdness & Mutations

You are a hulking beast.
Your limbs bulge with bestial killing power. (Slay +1)
You cannot wear most types of armour.
You are amphibious.
You can wear up to eight rings at the same time.
Your skin changes colour to match your surroundings (Stealth+).
Your rubbery body absorbs attacks. (AC +1, EV +1)
((You are camouflaged when in or above water. (Stealth+)))
You have tentacles for arms and can constrict up to eight enemies at once.


Message History

The orc priest hits you with a +0 dagger.
You hit the orc priest.
The orc priest is poisoned.
You grab the orc priest.
The orc priest is lightly wounded.
You constrict the orc priest. The orc hits you with a +0 whip.
* * * LOW HITPOINT WARNING * * *
The orc priest hits you but does no damage.
The orc closely misses you.
You hit the orc priest.
The orc priest looks as sick as possible!
You squeeze the orc priest.
The orc priest is severely wounded.
You constrict the orc priest.
You kill the orc priest!
The orc hits you with a +2 dagger of venom.
* * * LOW HITPOINT WARNING * * *
You are poisoned.
The orc hits you with a +0 whip.
* * * LOW HITPOINT WARNING * * *
Your Shapeshifting skill increases to level 3!
Aiming: Charm
Press: ? - help, Shift-Dir - straight line, f - orc priest
Aim: an orc priest, wielding a +0 short sword (chance to affect: 57%)
The orc priest resists with significant effort.
You feel sick.
The orc hits you with a +2 dagger of venom.
* * * LOW HITPOINT WARNING * * *
You are lethally poisoned!
The orc misses you.
* * * LOW HITPOINT WARNING * * *
You feel very sick. The orc attacks as it pursues you! The orc misses you.
You see here a book of Weapons.
Aiming: Charm
Press: ? - help, Shift-Dir - straight line, f/p - orc priest
Aim: an orc priest, wielding a +0 short sword (chance to affect: 57%)
The orc priest resists with significant effort.
* * * LOW HITPOINT WARNING * * *
You feel very sick.
The orc hits you with a +2 dagger of venom.
You die...

...............#..
#?..)).........
##...[.........
#...........##
#............#
#....#...<....##
.....##.........#
....# #..........#
#... ##oh...##.)..
..o #ooo...# #...
......).#...# ..
.....#..###..# .
.....#..# #..#
.... ##.# .... ...
#.. ... ... .#. ..
. .


You could see an orc warrior, an orc priest and 2 orcs.

Vanquished Creatures
  Grinder (D:3)
  An ice beast (D:5)
  An orc warrior (D:6)
  A crocodile (Sewer)
  4 kobold brigands (Sewer)
  A scorpion (D:5)
  A bombardier beetle (D:3)
  2 hounds (D:5)
  A jelly (D:5)
  2 orc priests (D:6)
  An iguana (D:5)
  2 sleepcaps (D:5)
  5 adders
  2 river rats (Sewer)
  2 orcs
  7 bats
  6 endoplasms
  10 giant cockroaches
  6 goblins
  3 hobgoblins
  3 quokkas
  6 ball pythons
  5 frilled lizards
  6 kobolds
  5 rats
84 creatures vanquished.

Vanquished Creatures (collateral kills)
  3 quokkas (D:5)
3 creatures vanquished.

Grand Total: 87 creatures vanquished

Notes
Turn   | Place    | Note
-------+----------+-------------------------------------------
     0 | D:1      | H0rd4k the Octopode Artificer began the quest for the Orb.
     0 | D:1      | Reached XP level 1. HP: 13/13 MP: 1/1
    74 | D:1      | Reached XP level 2. HP: 15/18 MP: 2/2
    78 | D:1      | Reached skill level 1 in Unarmed Combat
   332 | D:1      | Reached skill level 2 in Unarmed Combat
   332 | D:1      | Reached XP level 3. HP: 24/24 MP: 3/3
   932 | D:2      | Identified the +0 pair of gloves of Cynicism {rElec rN+}
  1156 | D:3      | Reached skill level 3 in Unarmed Combat
  1156 | D:3      | Reached XP level 4. HP: 26/29 MP: 4/4
  1258 | D:3      | Found a runed translucent door.
  1258 | D:3      | Noticed an ice beast
  1308 | D:3      | Noticed Grinder
  1312 | D:3      | Paralysed by Grinder for 4 turns
  1336 | D:3      | Noticed lasso's ghost (amateur DsMo)
  1379 | D:3      | Killed Grinder
  1380 | D:3      | Reached skill level 5 in Unarmed Combat
  1380 | D:3      | Reached XP level 5. HP: 25/35 MP: 5/5
  1380 | D:3      | Reached XP level 6. HP: 29/41 MP: 6/6
  1472 | D:3      | Found an ornate altar of the Wu Jian Council.
  1493 | D:3      | You fall into a shaft and drop 2 floors!
  1493 | D:5      | Entered Level 5 of the Dungeon
  1504 | D:5      | Noticed an ice beast
  1510 | D:5      | Killed an ice beast
  1511 | D:5      | Reached skill level 6 in Unarmed Combat
  1523 | D:5      | Reached XP level 7. HP: 45/45 MP: 7/7
  1533 | D:5      | Found a sparkling altar of Nemelex Xobeh.
  1600 | D:5      | Found a runed translucent gate.
  1601 | D:5      | Found a runed translucent gate.
  1602 | D:5      | Found a runed translucent gate.
  1604 | D:5      | Noticed ratatoskos's ghost (amateur DrWn)
  1745 | D:5      | Found Urounegh's Armour Emporium.
  1905 | D:5      | HP: 1/46 [acid (5)]
  1907 | D:5      | Reached skill level 7 in Unarmed Combat
  1971 | D:5      | Found a glowing drain.
  2013 | Sewer    | Entered a sewer
  2126 | Sewer    | Reached skill level 1 in Shapeshifting
  2279 | Sewer    | Reached XP level 8. HP: 18/52 MP: 8/8
  2508 | Sewer    | Reached skill level 8 in Unarmed Combat
  2881 | D:5      | Found a staircase to the Ecumenical Temple.
  3117 | Temple   | Entered the Ecumenical Temple
  3391 | D:6      | HP: 2/52 [poisoned by an orc]
  3391 | D:6      | Slain by an orc

Illustrated notes

Levels and vault maps discovered:
D:1:      amcnicky_arrival_abandoned_market, layout_rooms,
          minmay_worlds_worst_comb
D:2:      layout_basic
D:3:      layout_basic, mainiacjoe_overflow_small_starburst, serial_glass,
          glass_columns_b, glass_columns_c, ebering_ghost_inner_flame,
          kennysheep_doodads, uniq_crazy_yiuf_cottage, uniq_grinder
D:5:      layout_loops_corners, nemelex_spade_bored_becter, temple_hall,
          serial_shops, nicolae_shop_just_a_little_nook, gammafunk_ghost_split,
          gup_sewer_entry_pipe
D:6:      cheibrodos_iron_armory, layout_layer_cave, serial_shops,
          nicolae_shop_peninsula, nicolae_shop_just_a_little_nook,
          nicolae_shop_real_fake_doors, nicolae_shop_tiny_glass,
          kennysheep_little_box
Temple:   hellmonk_temple_forest_ring

Skill      XL: |  1  2  3  4  5  6  7  8 |
---------------+-------------------------+-----
Unarmed Combat | 2 3 5 6 7 8 |  8.3
Fighting       | 2 3 |  3.4
Shapeshifting  | 1 3 |  3.0
Short Blades   | |  0.1
Dodging        | |  2.3
Stealth        | |  1.3
Evocations     | |  3.2

Action                     |  1- 3 |  4- 6 |  7- 9 || total
---------------------------+-------+-------+-------++-------
  Melee: Unarmed           |    71 |    25 |    70 ||   166
         Tentacles         |    20 |     3 |    24 ||    47
         Constrict         |    20 |     6 |    21 ||    47
         Punch             |       |     1 |     4 ||     5
         Dagger            |       |       |    21 ||    21
  Evoke: Wand              |       |    16 |     7 ||    23
    Use: Scroll            |       |       |     7 ||     7
   Stab: Sleeping          |    14 |     2 |     5 ||    21
 Armour: Skin              |    31 |     3 |    50 ||    84
  Dodge: Dodged            |    39 |    18 |    51 ||   108
   Form: Beast             |       |       |     1 ||     1
